 Dungeon Crawl Stone Soup version 0.18-a0-1773-gec4f98e (webtiles) character file.

1584 JohnFord the Martial Artist (level 8, 0/64 HPs)
             Began as a Naga Transmuter on Apr 14, 2016.
             Slain by Prince Ribbit (19 damage)
             ... on level 5 of the Dungeon.
             The game lasted 00:09:58 (5230 turns).

JohnFord the Martial Artist (Naga Transmuter)       Turns: 5230, Time: 00:09:59

Health: 0/64       AC:  2    Str: 13    XL:     8   Next: 92%
Magic:  9/11       EV: 19    Int: 14    God:
Gold:   101        SH:  3    Dex: 18    Spells: 3 memorised, 5 levels left

rFire  . . .     SeeInvis +       - Unarmed
rCold  . . .     Gourm    .     (armour currently unavailable)
rNeg   . . .     Faith    .     (shield currently unavailable)
rPois  x         Spirit   .     (helmet currently unavailable)
rElec  .         Dismiss  .     (cloak currently unavailable)
rCorr  .         Reflect  +     (gloves currently unavailable)
SustAt .         Harm     .     (no barding)
MR     ++...                    g - +3 amulet of reflection
Stlth  ++........               (no ring)
                                r - ring of protection from magic

@: spider-form, very resistant to hostile enchantments, unstealthy
A: see invisible, (deformed body), (poison resistance), (slowness 0), slow
metabolism 1, spit poison 2, AC +2
a: Spit Poison, End Transformation


You were on level 5 of the Dungeon.
You were not hungry.
You were a venomous arachnid creature.
You visited 1 branch of the dungeon, and saw 5 of its levels.
You also visited: Ossuary.

You collected 149 gold pieces.
You spent 48 gold pieces at shops.

Inventory:

Missiles
 a - 88 arrows
Armour
 o - a +1 leather armour of cold resistance (melded)
 u - the +2 leather armour of Salvation {rF+ Int+3, unknown}
   (You found it on level 5 of the Dungeon)

   It affects your intelligence (+3).
   It protects you from fire.
Jewellery
 g - a +3 amulet of reflection (around neck)
 r - a ring of protection from magic (left front leg)
Wands
 n - a wand of iceblast (9/15)
Scrolls
 b - a scroll of fog
 e - 2 scrolls of recharging {unknown}
 k - 5 scrolls of amnesia
 l - a scroll of fear {unknown}
 m - 3 scrolls of teleportation
 s - a scroll of identify
 w - 2 scrolls of remove curse
Potions
 h - 2 potions of brilliance
 i - a potion of flight
 j - 3 potions of heal wounds
 p - 2 potions of haste
 q - 2 potions of degeneration {unknown}
 t - 2 potions of cure mutation {unknown}
 v - a potion of magic {unknown}
 x - a potion of agility
Books
 c - a book of Changes

   Spells                             Type                      Level
   a - Beastly Appendage              Transmutation                1
   b - Sticks to Snakes               Transmutation                2
   c - Spider Form                    Transmutation/Poison         3
   d - Ice Form                       Ice/Transmutation            4
   e - Blade Hands                    Transmutation                5
Comestibles
 d - 2 bread rations
 f - 6 meat rations


   Skills:
 - Level 1.0 Fighting
 - Level 1.5 Dodging
 * Level 9.2 Unarmed Combat
 - Level 2.0 Spellcasting
 - Level 6.0 Transmutations
 - Level 4.0 Poison Magic


You had 5 spell levels left.
You knew the following spells:

 Your Spells              Type           Power        Failure   Level  Hunger
a - Beastly Appendage     Trmt           ###...       8%          1    ##.....
b - Sticks to Snakes      Trmt           ###.....     10%         2    ###....
c - Spider Form           Trmt/Pois      ###.......   24%         3    ####...


Dungeon Overview and Level Annotations

Branches:
Dungeon (5/15)
 Temple: D:4-7

Altars:
Gozag
Yredelemnul
The Shining One

Shops:
D:4 [

Annotations:
D:5 Prince Ribbit


Innate Abilities, Weirdness & Mutations

You cannot wear boots.
((Your serpentine skin is tough (AC +2).))
You have supernaturally acute eyesight.
((Armour fits poorly on your strangely shaped body.))
((Your system is resistant to poisons.))
((You cover ground very slowly.))
You have a slow metabolism.
You can spit poison.


Message History

You barely miss Prince Ribbit. Prince Ribbit hits you!!
You hit Prince Ribbit.
Prince Ribbit is poisoned.
Prince Ribbit is lightly wounded.
Prince Ribbit barely misses you.
You completely miss Prince Ribbit.
Prince Ribbit is lightly wounded.
Prince Ribbit completely misses you.
You bite Prince Ribbit!
Prince Ribbit looks even sicker.
Prince Ribbit is heavily wounded.
Prince Ribbit catches a blue-tailed skink with his tongue.
Prince Ribbit hits you!
* * * LOW HITPOINT WARNING * * *
You barely miss Prince Ribbit.
Prince Ribbit is heavily wounded.
Prince Ribbit closely misses you.
You closely miss Prince Ribbit.
Prince Ribbit is heavily wounded.
Prince Ribbit catches a mosquito with his tongue.
Prince Ribbit hits you!!
You die...

.... #. ..# ### .... .
..##.. ... . #.##.# #.#
#. #....# #.#
####.###....##### #.#
#...............######..
#.......................
#......sF...............
#......^................
############............
#............
#............
#............
#............
##...........
##..........


You could see Prince Ribbit.

Vanquished Creatures
  Grinder (D:3)
  Sigmund (D:3)
  Eustachio (D:4)
  Edmund (D:4)
  Duvessa (D:5)
  An ogre (D:5)
  Dowan (D:5)
  A crimson imp (D:5)
  A hound (D:4)
  A giant frog zombie (D:5)
  6 orc wizards
  2 orc priests
  Jessica (D:3)
  Ijyb (D:2)
  A worker ant (D:5)
  A hound skeleton (D:5)
  12 mummies (Ossuary)
  2 gnolls
  6 adders
  An ooze (D:3)
  An adder skeleton (D:4)
  A worm (D:2)
  2 dart slugs (D:1)
  2 giant geckos
  13 orcs
  2 ball pythons
  2 giant cockroaches
  7 goblins
  11 hobgoblins
  2 jackals (D:4)
  4 quokkas
  5 bats
  6 giant newts
  2 gnoll skeletons (Ossuary)
  4 goblin skeletons (Ossuary)
  A jackal skeleton (D:4)
  A jackal zombie (D:5)
  5 kobolds
  An orc skeleton (Ossuary)
  A quokka skeleton (D:4)
  5 rats
  11 rat skeletons (Ossuary)
132 creatures vanquished.

Vanquished Creatures (collateral kills)
  2 gnolls (D:3)
  An adder (D:2)
  2 goblins
5 creatures vanquished.

Vanquished Creatures (others)
  An orc skeleton (Ossuary)
1 creature vanquished.

Grand Total: 138 creatures vanquished

Notes
Turn   | Place    | Note
--------------------------------------------------------------
     0 | D:1      | JohnFord the Naga Transmuter began the quest for the Orb.
     0 | D:1      | Reached XP level 1. HP: 18/18 MP: 3/3
   453 | D:1      | Reached XP level 2. HP: 22/25 MP: 5/5
   459 | D:1      | Learned a level 2 spell: Sticks to Snakes
   825 | D:1      | Reached XP level 3. HP: 31/31 MP: 6/6
  1092 | D:2      | Learned a level 3 spell: Spider Form
  1112 | D:2      | Noticed Ijyb
  1132 | D:2      | Killed Ijyb
  1132 | D:2      | Reached XP level 4. HP: 21/38 MP: 7/7
  1183 | D:2      | Found a glowing golden altar of the Shining One.
  1887 | D:3      | Noticed Sigmund
  1888 | D:3      | Found a basalt altar of Yredelemnul.
  1907 | D:3      | Killed Sigmund
  1907 | D:3      | Reached XP level 5. HP: 12/44 MP: 1/8
  2142 | D:3      | Reached XP level 6. HP: 47/51 MP: 9/9
  2156 | D:3      | Noticed Grinder
  2159 | D:3      | Noticed Jessica
  2213 | D:3      | Reached skill level 1 in Poison Magic
  2779 | D:3      | Paralysed by Grinder for 5 turns
  2805 | D:3      | Killed Jessica
  2820 | D:3      | Paralysed by Grinder for 7 turns
  2849 | D:3      | Killed Grinder
  2849 | D:3      | Reached skill level 4 in Unarmed Combat
  2849 | D:3      | Reached XP level 7. HP: 31/57 MP: 8/10
  3360 | D:4      | Noticed Edmund
  3370 | D:4      | Killed Edmund
  3370 | D:4      | Reached skill level 5 in Unarmed Combat
  3374 | D:4      | Found Roeg's Antique Armour Emporium.
  3385 | D:4      | Bought a runed leather armour for 48 gold pieces
  3469 | D:4      | Found an opulent altar of Gozag.
  3604 | D:4      | Reached skill level 6 in Unarmed Combat
  3937 | D:4      | Noticed Eustachio
  3950 | D:4      | Killed Eustachio
  3950 | D:4      | Reached XP level 8. HP: 61/64 MP: 8/11
  3997 | D:5      | Entered Level 5 of the Dungeon
  4012 | D:5      | Reached skill level 7 in Unarmed Combat
  4042 | D:5      | Noticed Dowan
  4046 | D:5      | Noticed Duvessa
  4055 | D:5      | Killed Dowan
  4056 | D:5      | Killed Duvessa
  4086 | D:5      | Reached skill level 8 in Unarmed Combat
  4214 | D:5      | Found a sand-covered staircase.
  4231 | Ossuary  | Entered an ossuary
  4857 | Ossuary  | Reached skill level 9 in Unarmed Combat
  5217 | D:5      | Noticed Prince Ribbit
  5222 | D:5      | Got a polished leather armour
  5230 | D:5      | Slain by Prince Ribbit

Vault maps used:
D:1:      evilmike_arrival_plus
D:2:      tso_metal_star, first_bread, uniq_iyjb
D:3:      yredelemnul_altar_generic, minivault_14, uniq_sigmund, uniq_grinder,
          uniq_jessica
D:4:      nicolae_overflow_crystal_walls, serial_shops,
          nicolae_shop_temple_entry_statues_fountains, grunt_decor_clamped,
          uniq_edmund, uniq_eustachio
D:5:      nicolae_ossuary_entry_ruins, minmay_misc_feat_nine_boxes,
          uniq_prince_ribbit1, uniq_duvessa
Ossuary:  ossuary_due_small_catacomb

Skill      XL: |  1  2  3  4  5  6  7  8 |
---------------+-------------------------+-----
Transmutations | 3 4 6 |  6.0
Poison Magic   | 4 |  4.0
Unarmed Combat | 4 6 9 |  9.2
Fighting       | |  1.0
Dodging        | |  1.5
Spellcasting   | |  2.0

Action                   |  1- 3 |  4- 6 |  7- 9 || total
-------------------------+-------+-------+-------++-------
Melee: Unarmed           |    68 |    99 |   298 ||   465
       Punch             |       |     2 |     9 ||    11
 Cast: Sticks to Snakes  |       |    12 |       ||    12
       Spider Form       |       |     3 |    10 ||    13
 Abil: Spit Poison       |    20 |    18 |     1 ||    39
  Use: Scroll            |       |     7 |     8 ||    15
       Potion            |       |     2 |       ||     2
 Stab: Sleeping          |       |     2 |     1 ||     3
       Distracted        |       |     1 |       ||     1
  Eat: Chunk             |     1 |     6 |     7 ||    14
       Beef jerky        |       |       |     1 ||     1
Armor: Robe              |    12 |    22 |    13 ||    47
       Skin              |       |     1 |     1 ||     2
       Leather armour    |       |       |    32 ||    32
Dodge: Dodged            |    29 |    71 |   129 ||   229
Block: Other             |       |     4 |    20 ||    24
